 Dungeon Crawl Stone Soup version 0.28.0-56-g4927b6849a (webtiles) character file.

Game seed: 410604906023991462

1353419 AarnesTheHuman the Conqueror (level 26, 239/239 HPs)
             Began as a Hill Orc Fighter on Jan 27, 2023.
             Was an Elder of Beogh.
             Escaped with the Orb
             ... and 3 runes on Jan 29, 2023!
             The game lasted 07:06:03 (105757 turns).

AarnesTheHuman the Conqueror (Hill Orc Fighter)   Turns: 105757, Time: 07:06:04

Health: 239/239    AC: 36    Str: 25    XL:     26   Next: 66%
Magic:  36/36      EV:  8    Int:  6    God:    Beogh [****..]
Gold:   1393       SH: 29    Dex: 11    Spells: 25/25 levels left

rFire   + + +      SeeInvis +   b - +8 broad axe (vorpal)
rCold   + . .      Faith    .   y - +4 tower shield {rPois}
rNeg    + + .      Spirit   .   E - +1 gold dragon scales
rPois   +          Reflect  +   X - +0 hat "Gyhiystu" {rN+ rCorr Str-3}
rElec   +          Harm     .   W - +2 cloak {Will+}
rCorr   +          Rampage  .   e - +2 pair of gloves of Poor Excuses {rElec rF+ Will+ Regen+}
Will    +++..                   h - +3 pair of boots of the Vacuum {+Blink rC- Str+2}
Stlth   ..........              o - amulet of reflection
HPRegen 1.29/turn               G - ring of the Republic {rF+ rN+ Dex-4 SInv}
MPRegen 0.25/turn               w - ring of Ziafar {Fly rElec rC+ Str-3 Dex+3}

@: flying, studying Throwing
A: fangs 1, deterioration 2, dopey 1, frail 1, low MP 1, wild magic 1
0: Orb of Zot
}: 3/15 runes: serpentine, barnacled, silver
a: Renounce Religion, Evoke Blink, Smiting, Recall Orcish Followers


You escaped.
You worshipped Beogh.
Beogh was greatly pleased with you.
You visited 10 branches of the dungeon, and saw 49 of its levels.
You visited the Abyss 1 time.
You also visited: Trove, Ossuary, Gauntlet and Desolation.

You collected 8866 gold pieces.
You spent 7473 gold pieces at shops.

Inventory:

Hand Weapons
 a - a +8 broad axe of flaming
 b - a +8 vorpal broad axe (weapon)
 R - the +3 hunting sling "Hahae" {venom, Will+ Int+4}
   (You found it on level 6 of the Lair of Beasts)

   Any ammunition fired from it poisons the flesh of those it strikes.
   Int:       It affects your intelligence (+4).
   Will:      It increases your willpower.
Missiles
 z - 7 throwing nets (quivered)
 K - 281 sling bullets
 T - 12 curare-tipped darts
Armour
 e - the +2 pair of gloves of Poor Excuses (worn) {rElec rF+ Will+ Regen+}
   (You found it on level 6 of the Lair of Beasts)

   rF:        It protects you from fire.
   rElec:     It insulates you from electricity.
   Regen:     It increases your rate of health regeneration.
   Will:      It increases your willpower.
 h - the +3 pair of boots of the Vacuum (worn) {+Blink rC- Str+2}
   (You found it in a Gauntlet)

   Str:       It affects your strength (+2).
   rC:        It makes you vulnerable to cold.
   +Blink:    It lets you blink.
 y - a +4 tower shield of poison resistance (worn)
 E - +1 gold dragon scales (worn)
 W - a +2 cloak of willpower (worn)
 X - the +0 hat "Gyhiystu" (worn) {rN+ rCorr Str-3}
   (You found it on level 11 of the Dungeon)

   Str:       It affects your strength (-3).
   rN:        It protects you from negative energy.
   rCorr:     It protects you from acid and corrosion.
Jewellery
 o - an amulet of reflection (around neck)
 w - the ring of Ziafar (right hand) {Fly rElec rC+ Str-3 Dex+3}
   (You found it on level 3 of the Dungeon)

   [ring of flight]

   Str:       It affects your strength (-3).
   Dex:       It affects your dexterity (+3).
   rC:        It protects you from cold.
   rElec:     It insulates you from electricity.
   Fly:       It grants you flight.
 x - a ring of willpower
 G - the ring of the Republic (left hand) {rF+ rN+ Dex-4 SInv}
   (You found it in the Desolation of Salt)

   [ring of protection from fire]

   Dex:       It affects your dexterity (-4).
   rF:        It protects you from fire.
   rN:        It protects you from negative energy.
   SInv:      It lets you see invisible.
 N - the ring "Xicwoik" {rC+ Dex+6}
   (You took it off a spriggan on level 5 of the Lair of Beasts)

   [ring of dexterity]

   Dex:       It affects your dexterity (+6).
   rC:        It protects you from cold.
 S - the ring "Nosib" {EV+4 Str-2 Dex+9 Slay+4}
   (You took it off a deep elf annihilator on level 3 of the Elven Halls)

   [ring of evasion]

   EV:        It affects your evasion (+4).
   Str:       It affects your strength (-2).
   Dex:       It affects your dexterity (+9).
   Slay:      It affects your accuracy & damage with ranged weapons and melee
   (+4).
Wands
 s - a wand of mindburst (4)
 v - a wand of acid (8)
 H - a wand of flame (77)
 P - a wand of digging (10)
 Q - a wand of iceblast (51)
 V - a wand of paralysis (40)
Scrolls
 g - 8 scrolls of fear
 j - 5 scrolls of fog
 m - 2 scrolls of holy word
 r - 6 scrolls of blinking
 u - 14 scrolls of teleportation
 A - 4 scrolls of torment
 B - 2 scrolls of silence
 I - 7 scrolls of vulnerability
Potions
 d - 5 potions of might
 i - 5 potions of haste
 k - 5 potions of resistance
 n - 9 potions of mutation
 C - 3 potions of heal wounds
 D - 13 potions of lignification
 F - 4 potions of curing
 J - a potion of invisibility
 L - 4 potions of berserk rage
 M - 4 potions of ambrosia
 Y - 4 potions of magic
 Z - 2 potions of cancellation
Miscellaneous
 c - a phial of floods
 f - a tin of tremorstones (2/2)
 q - a condenser vane
 t - a lightning rod (4/4)
 O - a phantom mirror


   Skills:
 O Level 27 Fighting
 + Level 22.1 Axes
 - Level 4.0 Slings
 + Level 20.1 Armour
 + Level 12.1 Dodging
 - Level 1.0 Stealth
 + Level 19.1 Shields
 O Level 27 Invocations
 - Level 11.0 Evocations


You had 25 spell levels left.
You didn't know any spells.
Your spell library contained the following spells:

 Spells                   Type           Power      Damage    Failure   Level
 Apportation              Tloc           0%         N/A       100%        1
 Foxfire                  Conj/Fire      0%         2x1d4     100%        1
 Magic Dart               Conj           0%         1d3       100%        1
 Pain                     Necr           0%         1d4       100%        1
 Sting                    Tmut/Pois      0%         1d3       100%        1
 Summon Small Mammal      Summ           0%         N/A       100%        1
 Blink                    Tloc           0%         N/A       100%        2
 Call Imp                 Summ           0%         N/A       100%        2
 Ensorcelled Hibernation  Hex/Ice        0%         N/A       100%        2
 Passwall                 Tmut/Erth      0%         N/A       100%        2
 Poisonous Vapours        Pois/Air       0%         N/A       100%        2
 Searing Ray              Conj           0%         2d4       100%        2
 Sublimation of Blood     Necr           0%         N/A       100%        2
 Call Canine Familiar     Summ           0%         N/A       100%        3
 Conjure Flame            Conj/Fire      0%         6-21      100%        3
 Dazzling Flash           Conj/Hex       0%         N/A       100%        3
 Frozen Ramparts          Ice            0%         1d2       100%        3
 Gell's Gravitas          Tloc           0%         N/A       100%        3
 Inner Flame              Hex/Fire       0%         N/A       100%        3
 Mephitic Cloud           Conj/Pois/Air  0%         N/A       100%        3
 Ozocubu's Armour         Ice            0%         N/A       100%        3
 Spider Form              Tmut/Pois      0%         N/A       100%        3
 Stone Arrow              Conj/Erth      0%         3d7       100%        3
 Summon Guardian Golem    Hex/Summ       0%         N/A       100%        3
 Teleport Other           Tloc           0%         N/A       100%        3
 Tukima's Dance           Hex            0%         N/A       100%        3
 Airstrike                Air            0%         N/A       100%        4
 Anguish                  Hex/Necr       0%         N/A       100%        4
 Animate Armour           Summ/Erth      0%         N/A       100%        4
 Flame Wave               Conj/Fire      0%         2d4       100%        4
 Fulminant Prism          Conj/Hex       0%         3d6       100%        4
 Ice Form                 Ice/Tmut       0%         N/A       100%        4
 Iskenderun's Mystic Bla  Conj/Tloc      0%         2d3       100%        4
 Olgreb's Toxic Radiance  Pois           0%         N/A       100%        4
 Passage of Golubria      Tloc           0%         N/A       100%        4
 Petrify                  Tmut/Erth      0%         N/A       100%        4
 Sticky Flame             Conj/Fire      0%         2d3       100%        4
 Summon Ice Beast         Ice/Summ       0%         N/A       100%        4
 Summon Lightning Spire   Summ/Air       0%         N/A       100%        4
 Agony                    Necr           0%         N/A       100%        5
 Alistair's Intoxication  Tmut/Pois      0%         N/A       100%        5
 Blade Hands              Tmut           0%         N/A       100%        5
 Borgnjor's Vile Clutch   Necr/Erth      0%         N/A       100%        5
 Excruciating Wounds      Necr           0%         N/A       100%        5
 Fireball                 Conj/Fire      0%         3d3       100%        5
 Irradiate                Conj/Tmut      0%         3d13      100%        5
 Iskenderun's Battlesphe  Conj           0%         2d6       100%        5
 Lee's Rapid Deconstruct  Erth           0%         3d5*      100%        5
 Lightning Bolt           Conj/Air       0%         1d11      100%        5
 Manifold Assault         Tloc           0%         N/A       100%        5
 Metabolic Englaciation   Hex/Ice        0%         N/A       100%        5
 Silence                  Hex/Air        0%         N/A       100%        5
 Yara's Violent Unravell  Hex/Tmut       0%         3d3       100%        5
 Conjure Ball Lightning   Conj/Air       0%         3x3d6     100%        6
 Dispersal                Tloc           0%         N/A       100%        6
 Eringya's Noxious Bog    Tmut/Pois      0%         N/A       100%        6
 Iron Shot                Conj/Erth      0%         9d1       100%        6
 Simulacrum               Ice/Necr       0%         N/A       100%        6
 Starburst                Conj/Fire      0%         6d3       100%        6
 Statue Form              Tmut/Erth      0%         N/A       100%        6
 Malign Gateway           Summ/Tloc      0%         N/A       100%        7
 Spellforged Servitor     Conj/Summ      0%         N/A       100%        7
 Storm Form               Tmut/Air       0%         N/A       100%        7
 Borgnjor's Revivificati  Necr           0%         N/A       100%        8
 Discord                  Hex            0%         N/A       100%        8
 Disjunction              Tloc           0%         N/A       100%        8
 Ignition                 Fire           0%         3d3       100%        8
 Maxwell's Capacitive Co  Air            0%         ∞         100%        8
 Necromutation            Tmut/Necr      0%         N/A       100%        8
 Summon Horrible Things   Summ           0%         N/A       100%        8
 Chain Lightning          Conj/Air       0%         N/A       100%        9
 Death's Door             Necr           0%         N/A       100%        9
 Fire Storm               Conj/Fire      0%         5d1       100%        9


Dungeon Overview and Level Annotations

Branches:
Dungeon (15/15)            Temple (1/1) D:5            Lair (6/6) D:9
 Shoals (4/4) Lair:3        Snake (4/4) Lair:4        Slime (0/5) Lair:5
    Orc (2/2) D:9             Elf (3/3) Orc:2        Vaults (5/5) D:14
  Crypt (0/3) Vaults:2     Depths (4/4) D:15            Zot (5/5) Depths:4
Ossuary (visited)         Desolation (visited)      Gauntlet (visited)

Altars:
Ashenzari
Cheibriados
Dithmenos
Fedhas
Gozag
Hepliaklqana
Kikubaaqudgha
Nemelex Xobeh
Okawaru
Uskayaw
Vehumet
Wu Jian
Xom
Yredelemnul
The Shining One
Lugonu

Shops:
D:1 ?   Orc:1 [   Orc:2 :*!=   Elf:1 =   Shoals:1 *   Snake:1 !?   Snake:4 ::=
Vaults:1 [   Vaults:2 ?*(   Vaults:4 [[:   Vaults:5 !?!??   Depths:1 (
Depths:3 :

Portals:
Hell: Depths:1 Depths:2 Depths:3* Depths:4
Abyss: Lair:6 Depths:1 Depths:3
Pandemonium: Depths:2
Ziggurat: Depths:2

Annotations:
D:4 3 runed translucent doors, exclusion: 3 doors, Sensen's ghost, amateur OgBe
D:5 exclusion: downstairs
D:8 exclusion: downstairs
Lair:5 exclusion: 2 downstairs
Shoals:1 exclusion: 2 downstairs
Shoals:4 1 runed translucent door, exclusion: door, Krehm's ghost, adept MfAK
Snake:2 3 runed translucent doors, exclusion: 3 doors, kalagan's ghost, adept DECj
Elf:1 exclusion: downstairs
Elf:2 5 runed translucent doors, exclusion: 5 doors
Vaults:1 2 runed translucent doors, exclusions: 2 doors and 2 downstairs, Synox's ghost, legendary FoFi
Vaults:2 exclusion: downstairs
Vaults:3 exclusion: downstairs
Vaults:4 exclusion: 2 downstairs
Depths:2 exclusion: 2 downstairs
Zot:4 exclusion: downstairs


Innate Abilities, Weirdness & Mutations

You have very sharp teeth.
Your body often deteriorates upon taking damage.
You are dopey. (Int -2)
You are frail. (-10% HP)
Your magical capacity is low. (-10% MP)
Your spells are a little harder to cast, but a little more powerful.


Message History

Hilgar is recalled.
You finish recalling your allies.
You hit the Orb Guardian.
The Orb Guardian is lightly wounded.
Bogric hits the Orb Guardian from afar with a +3 trident of venom!
You block the Orb Guardian's attack.
Hilgar roars a battlecry!
Your orcs go into a battle-frenzy!
You slice the Orb Guardian!! Your bite misses the Orb Guardian.
The Orb Guardian is heavily wounded.
The Orb Guardian hits you but does no damage.
Bogdan roars a battlecry!
Hilgar goes into a battle-frenzy!
Bogric hits the Orb Guardian from afar with a +3 trident of venom!
The Orb Guardian is poisoned.
Hilgar hits the Orb Guardian from afar with a +1 trident of flaming!
Hilgar burns the Orb Guardian.
You closely miss the Orb Guardian.
The Orb Guardian is almost dead.
The Orb Guardian hits you.
Bogdan unwields a +0 arbalest.
Bogdan wields a +1 whip.
Bogdan closely misses the Orb Guardian.
Bogric hits the Orb Guardian but does no damage.
The Orb Guardian looks as sick as possible!
Hilgar misses the Orb Guardian.
You closely miss the Orb Guardian.
You bite the Orb Guardian, but do no damage.
The Orb Guardian is almost dead.
You block the Orb Guardian's attack.
Bogric hits the Orb Guardian from afar with a +3 trident of venom!
Bogdan hits the Orb Guardian with a +1 whip!
The Orb Guardian dies!
Beogh accepts your kill.
You see here a +0 ring mail.
Bogdan no longer looks unusually strong.
There is a staircase leading out of the dungeon here.
You don't know any spells.
Hilgar no longer looks unusually strong.
Grimold no longer looks unusually strong.
You have escaped!

....##.........###........# #.#
..............## ##.......# #.#
...##.........# #.......## #.#
♣).##.#.[.....## ##........####.#
♣♣..#.#........###..............#
P♣♣........................######
P.♣♣.....###...o.....###..##
.._♣....## ##..o....## ##.#
PP♣♣.##.# #.oo@...# #.#
.♣♣..##.## ##.......## ##.#
♣♣..###..###.........###..#####
♣..## #.......................#
..## #........###.........##.#
.######.......## ##.......###.#
..............# #.......# #.#
#######.......## ##.......###.#
#######........###.........##.#


You could see the friendly Bogric the orc warlord (strong), the friendly Grimold
the orc warlord, the friendly Hilgar the orc warlord and the friendly Bogdan the
orc knight.

Vanquished Creatures
  An ancient lich (Zot:5)
  Mennas (Vaults:2)
  5 orbs of fire
  A Killer Klown (Zot:1)
  A curse toe (Zot:1)
  2 golden dragons
  An electric golem (Zot:5)
  7 tentacled monstrosities
  Mlioglotl (Snake:4)
  13 Orb Guardians (Zot:5)
  5 quicksilver dragons
  Asterion (Elf:1)
  2 titans
  A deep elf master archer (Elf:3)
  2 sphinxes
  5 death cobs
  An ancient champion (Vaults:2)
  Agnes (Snake:1)
  4 shadow dragons
  Kirke (Elf:1)
  9 storm dragons
  3 draconian monks
  5 tengu reavers
  Donald (Shoals:4)
  A draconian knight (Zot:1)
  Ilsuiw (Shoals:4)
  4 nagarajas (Snake:4)
  A deep elf sorcerer (Elf:3)
  An iron dragon (Vaults:5)
  Louise (Depths:1)
  3 draconian scorchers
  2 frost giants
  6 fire giants
  An imperial myrmidon (Desolation)
  7 vault wardens
  A juggernaut zombie (D:15)
  2 draconian shifters (Zot:1)
  8 draconian annihilators
  A curse skull (Depths:1)
  A balrug (D:10)
  2 ghost moths
  11 stone giants
  4 deep elf elementalists (Elf:3)
  4 draconian stormcallers
  10 ironbound preservers
  2 war gargoyles
  5 green draconians
  A vampire knight (Depths:3)
  12 very ugly things
  7 ironbound thunderhulks
  5 black draconians
  6 white draconians
  3 deep elf demonologists
  7 deep elf annihilators
  9 yellow draconians
  8 red draconians
  7 purple draconians
  A minotaur (shapeshifter) (Lair:6)
  An eidolon (Vaults:2)
  2 spark wasps (Depths:2)
  2 merfolk javelineers (Shoals:4)
  2 crystal guardians (Desolation)
  A deep elf death mage (Vaults:5)
  3 merfolk impalers
  7 ettins
  8 yaktaur captains
  4 deep elf high priests
  4 fire dragons
  6 great orbs of eyes
  2 ragged hierophants (Desolation)
  3 servants of whispers (Desolation)
  3 rakshasas (Depths:2)
  12 vault guards
  2 spriggan air magi
  5 hydras
  3 ironbound frosthearts
  5 naga warriors
  A boulder beetle (D:15)
  2 ice dragons (Depths:3)
  7 peacekeepers
  5 anacondas
  3 two-headed ogres
  6 centaur warriors
  2 alligator snapping turtles (Shoals:3)
  5 dancing weapons
  4 merfolk aquamancers
  2 ogre magi (Depths:1)
  A jorogumo (shapeshifter) (D:14)
  2 vampire magi
  2 deep troll shamans (Depths:2)
  A hell hog (Depths:1)
  5 deep troll earth magi
  2 thrashing horrors (Lair:6)
  3 orc high priests (Orc:2)
  2 naga sharpshooters (Snake:2)
  Urug (Lair:2)
  3 shock serpents
  2 spriggan berserkers
  A sun demon (D:10)
  9 hell knights
  11 deep elf knights
  A shadow wraith (Vaults:5)
  A salamander mystic (Snake:3)
  5 iron trolls
  3 skeletal warriors
  7 sea snakes
  2 glowing orange brains
  A kraken simulacrum (Shoals:4)
  A spark wasp zombie (D:15)
  3 naga ritualists
  33 deep trolls
  A flayed ghost (D:12)
  A shadow demon (D:3)
  7 wizards
  3 deep elf archers
  10 deep elf zephyrmancers
  An orc knight (D:15)
  11 ironbound convokers
  4 phantasmal warriors
  7 harpies
  6 lindwurms
  20 ugly things
  9 deep elf pyromancers
  5 fauns
  An oklob plant (Snake:1)
  6 salamanders
  5 mana vipers
  7 elephants
  A cyclops (Shoals:4)
  A salamander (shapeshifter) (Vaults:1)
  Maurice (D:12)
  11 moths of wrath
  6 manticores
  7 merfolk sirens
  5 naga magi
  2 water nymphs
  6 guardian serpents
  9 vault sentinels
  28 black mambas
  8 cane toads
  31 yaktaurs
  Maggie (D:10)
  5 komodo dragons
  A rime drake (Lair:5)
  5 tengu conjurers
  A komodo dragon (shapeshifter) (Depths:2)
  2 human skeletons (Vaults:2)
  An ancient zyme (Lair:6)
  A silent spectre (Depths:1)
  A meliai (D:14)
  A troll (Orc:1)
  A meliai (shapeshifter) (Lair:6)
  A polar bear (Lair:6)
  12 merfolk
  29 saltlings (Desolation)
  A hornet (shapeshifter) (Elf:1)
  A tyrant leech (Gauntlet)
  14 blink frogs
  3 slime creatures
  14 dream sheep
  3 wind drakes
  A snapping turtle (Shoals:4)
  A large abomination (Gauntlet)
  A shadow (D:11)
  An air elemental (Elf:1)
  A culicivora (shapeshifter) (D:13)
  A culicivora (Vaults:2)
  A centaur simulacrum (D:15)
  A ynoxinul (Lair:6)
  3 wyverns
  37 yaks
  7 water elementals
  A wraith (D:9)
  2 vampires
  5 hogs (Elf:1)
  2 fire bats (Lair:1)
  5 basilisks
  4 chaos spawn
  A hog (shapeshifter) (Elf:1)
  2 vampire mosquitoes (D:11)
  A redback (Vaults:5)
  2 steam dragons
  A warg (Orc:2)
  4 swamp worms (Gauntlet)
  11 water moccasins
  12 small abominations
  18 nagas
  8 orc warriors
  5 ogres
  A black bear (D:4)
  9 wolves
  5 centaurs
  A tengu (shapeshifter) (Depths:4)
  5 elf zombies (Ossuary)
  A kobold brigand (D:6)
  9 bullfrogs
  A wyvern zombie (D:4)
  A scorpion (D:6)
  A gnoll sergeant (D:10)
  12 killer bees
  8 wights
  6 centaur zombies
  3 human zombies (Ossuary)
  8 orc priests
  A jelly (D:5)
  A bullfrog skeleton (D:4)
  A centaur skeleton (D:5)
  An iguana (D:6)
  18 orc wizards
  5 hell rats
  5 mummies
  A howler monkey zombie (D:9)
  A howler monkey skeleton (D:6)
  9 adders
  2 gnolls (D:10)
  A shadow imp (D:5)
  A white imp (D:6)
  A worm (D:3)
  3 dart slugs
  15 orcs
  4 bats
  8 endoplasms
  An endoplasm (shapeshifter) (Vaults:5)
  5 giant cockroaches
  7 goblins
  3 hobgoblins
  A jackal (D:5)
  3 quokkas
  7 ball pythons
  3 frilled lizards
  10 kobolds
  3 rats
1082 creatures vanquished.

Vanquished Creatures (collateral kills)
  2 dread liches (Zot:5)
  An ancient lich (Depths:1)
  7 orbs of fire
  2 Killer Klowns (Zot:5)
  A caustic shrike (Depths:2)
  6 golden dragons
  5 tentacled monstrosities
  2 electric golems
  Rupert (Snake:1)
  A deep elf blademaster (Elf:3)
  14 Orb Guardians
  A walking crystal tome (Depths:2)
  A walking divine tome (Depths:3)
  5 titans
  A sphinx (Depths:2)
  8 quicksilver dragons
  7 death cobs
  11 storm dragons
  3 draconian monks
  9 shadow dragons
  3 tengu reavers
  2 draconian knights
  4 frost giants
  Roxanne (Elf:1)
  5 nagarajas
  2 deep elf sorcerers
  6 fire giants
  14 vault wardens
  Aizul (Shoals:1)
  4 draconian scorchers
  A ghost moth (Zot:3)
  A balrug (Depths:1)
  3 draconian shifters
  An orc warlord (Vaults:1)
  8 draconian annihilators
  6 deep elf elementalists (Elf:3)
  A draconian stormcaller (Zot:4)
  The ghost of Ikheod the Impaler, a journeyman MfGl of Okawaru (Lair:6)
  2 vampire knights (Depths:3)
  17 ironbound preservers
  Nessos (Orc:2)
  4 war gargoyles
  8 stone giants
  2 deep elf demonologists (Elf:3)
  6 ironbound thunderhulks
  18 very ugly things
  7 yellow draconians
  4 dire elephants (Vaults:1)
  6 green draconians
  3 halazid warlocks (Desolation)
  7 black draconians
  An entropy weaver (Vaults:2)
  10 purple draconians
  7 deep elf annihilators
  5 white draconians
  8 red draconians
  2 spark wasps
  Snorg (Lair:6)
  6 deep elf death magi
  4 ettins
  An ettin (shapeshifter) (Elf:1)
  A fire dragon (Depths:1)
  4 crystal guardians (Elf:3)
  9 merfolk javelineers (Shoals:4)
  A ragged hierophant (Desolation)
  8 yaktaur captains
  20 vault guards
  5 merfolk impalers
  2 salamander tyrants
  A hydra (Lair:2)
  2 boulder beetles
  2 great orbs of eyes
  8 deep elf high priests
  5 ice dragons
  A servant of whispers (Desolation)
  11 naga warriors
  4 centaur warriors
  A peacekeeper (Desolation)
  A spriggan air mage (Depths:2)
  3 merfolk avatars
  2 alligator snapping turtles (Shoals:2)
  8 anacondas
  2 ironbound frosthearts
  2 merfolk aquamancers
  A two-headed ogre (D:10)
  2 dancing weapons (Elf:1)
  A tengu warrior (Depths:4)
  A vampire mage (Depths:2)
  2 satyrs
  2 deep troll earth magi
  2 thrashing horrors (Lair:6)
  An orc high priest (Orc:2)
  3 deep troll shamans (Depths:2)
  2 spriggan berserkers (Depths:4)
  3 naga sharpshooters
  4 shock serpents
  Nergalle (D:10)
  2 sun demons
  10 hell knights
  Sonja (Lair:2)
  3 deep elf knights
  3 skeletal warriors
  7 soul eaters (Depths:1)
  2 shadow wraiths
  6 iron trolls (Depths:2)
  3 salamander mystics
  39 deep trolls
  2 glowing orange brains
  A goliath frog (shapeshifter) (Vaults:5)
  2 flayed ghosts
  A deep troll (shapeshifter) (Vaults:5)
  A golden dragon zombie (D:15)
  An orange crystal statue (Zot:5)
  7 sea snakes
  13 ironbound convokers
  4 phantasmal warriors
  7 wizards
  9 harpies
  9 lindwurms
  12 deep elf pyromancers
  3 deep elf archers
  29 ugly things
  8 mana vipers
  4 naga ritualists
  7 deep elf zephyrmancers
  3 necromancers
  2 cyclopes (Shoals:4)
  2 oklob plants (Shoals:3)
  5 fauns
  8 manticores
  A faun (shapeshifter) (Depths:2)
  A cyclops (shapeshifter) (Lair:6)
  A stone giant zombie (D:15)
  13 salamanders
  18 moths of wrath
  8 naga magi
  5 merfolk sirens
  An elephant (Lair:4)
  A moth of wrath (shapeshifter) (D:14)
  12 vault sentinels
  15 black mambas
  2 torpor snails
  2 water nymphs
  An eye of devastation (shapeshifter) (Vaults:5)
  A gargoyle (D:12)
  4 guardian serpents
  A centaur zombie (D:10)
  An elf zombie (Vaults:2)
  2 smoke demons
  8 cane toads
  21 yaktaurs
  2 tengu conjurers (Depths:2)
  8 komodo dragons
  A komodo dragon (shapeshifter) (Elf:1)
  An ancient zyme (Lair:6)
  4 trolls
  8 merfolk
  2 meliai (D:14)
  3 polar bears
  16 blink frogs
  6 wind drakes
  15 saltlings (Desolation)
  A slime creature (shapeshifter) (Vaults:5)
  A blink frog (shapeshifter) (Elf:1)
  10 slime creatures
  6 dream sheep
  5 snapping turtles
  A centaur simulacrum (D:12)
  A spriggan (Lair:5)
  2 air elementals (Elf:2)
  A wyvern (Lair:6)
  24 yaks
  9 water elementals
  3 wraiths
  An elf skeleton (Vaults:2)
  A fire bat (Lair:1)
  3 fire elementals
  Grum (D:10)
  2 basilisks
  A redback (Vaults:2)
  A steam dragon (Lair:4)
  4 vampire mosquitoes
  3 wargs
  19 nagas
  8 water moccasins
  An acid dragon (D:11)
  A floating eye (shapeshifter) (Depths:2)
  A small abomination (Lair:6)
  8 orc warriors
  4 ogres
  4 wolves
  A human skeleton (Vaults:2)
  A human zombie (Vaults:2)
  2 bullfrogs
  A wyvern zombie (D:9)
  4 wights (D:10)
  2 electric eels (D:12)
  3 howler monkeys (D:13)
  5 orc priests (Orc:2)
  6 orc wizards
  2 hell rats (Lair:3)
  A howler monkey zombie (D:10)
  A gnoll (D:10)
  9 orcs
  A plant (Shoals:4)
977 creatures vanquished.

Vanquished Creatures (others)
  10 orc warlords
  A shadow dragon (Zot:4)
  A draconian stormcaller (Zot:5)
  12 orc knights
  2 orc high priests
  A purple draconian (Zot:3)
  A merfolk impaler (Shoals:4)
  A fire dragon (Depths:4)
  2 orc sorcerers
  3 wizards
  A moth of wrath (Zot:3)
  A manticore (D:11)
  A tengu conjurer (D:15)
  A merfolk (Shoals:1)
  A water elemental (Shoals:1)
  A human (Depths:1)
  14 orc warriors
  23 orc priests
  13 orc wizards
  39 orcs
  A kobold (D:6)
  42 fungi
  116 plants
  8 tentacles (Shoals:4)
  4 toadstools (D:1)
  11 withered plants (D:15)
311 creatures vanquished.

Grand Total: 2370 creatures vanquished

Notes
Turn   | Place    | Note
-------+----------+-------------------------------------------
     0 | D:1      | AarnesTheHuman the Hill Orc Fighter began the quest for the
                  | Orb.
     0 | D:1      | Reached XP level 1. HP: 19/19 MP: 1/1
   170 | D:1      | Reached XP level 2. HP: 27/27 MP: 2/2
   232 | D:1      | Found a faded altar of an unknown god.
   404 | D:1      | Found Ufashret's Magic Scroll Shoppe.
   988 | D:1      | Bought a scroll of teleportation for 30 gold pieces
   988 | D:1      | Bought a scroll of teleportation for 30 gold pieces
  1325 | D:2      | Became a worshipper of Beogh the Brigand
  1648 | D:3      | Reached XP level 3. HP: 34/34 MP: 3/3
  2018 | D:2      | Reached skill level 5 in Fighting
  2188 | D:3      | Reached XP level 4. HP: 39/42 MP: 4/4
  2244 | D:3      | Reached skill level 1 in Stealth
  2586 | D:3      | Reached * piety under Beogh
  2630 | D:3      | Reached XP level 5. HP: 26/48 MP: 5/5
  2910 | D:3      | Identified the ring of Ziafar {Fly rElec rC+ Str-3 Dex+3}
  3547 | D:4      | Noticed a black bear
  3809 | D:4      | Reached skill level 5 in Axes
  3819 | D:4      | Found a broken altar of Ashenzari.
  3821 | D:4      | Found a shadowy altar of Dithmenos.
  3821 | D:4      | Found an opulent altar of Gozag.
  3822 | D:4      | Found a hazy altar of Hepliaklqana.
  4018 | D:4      | Found a runed translucent gate.
  4018 | D:4      | Found a runed translucent gate.
  4021 | D:4      | Found a runed translucent gate.
  4023 | D:4      | Noticed Sensen's ghost (amateur OgBe)
  4024 | D:4      | Noticed an ogre
  4144 | D:4      | Reached XP level 6. HP: 34/57 MP: 6/6
  4265 | D:5      | Entered Level 5 of the Dungeon
  4445 | D:5      | Found a staircase to the Ecumenical Temple.
  4452 | Temple   | Entered the Ecumenical Temple
  4738 | D:5      | Reached XP level 7. HP: 61/64 MP: 9/9
  5107 | D:5      | Found a shimmering altar of Xom.
  5336 | D:6      | Found a sand-covered staircase.
  5348 | Ossuary  | Entered an ossuary
  5437 | Ossuary  | Reached ** piety under Beogh
  5546 | Ossuary  | Reached skill level 5 in Armour
  5546 | Ossuary  | Reached skill level 5 in Shields
  5567 | Ossuary  | Reached XP level 8. HP: 70/73 MP: 10/10
  6923 | D:6      | Reached skill level 5 in Invocations
  7884 | D:1      | Bought a scroll of identify for 20 gold pieces
  9059 | D:6      | Reached skill level 1 in Evocations
  9059 | D:6      | Reached XP level 9. HP: 69/81 MP: 13/13
  9871 | D:8      | Found a snail-covered altar of Cheibriados.
 10553 | D:8      | You fall into a shaft and drop 1 floor!
 11085 | D:8      | Reached *** piety under Beogh
 11988 | D:9      | Reached XP level 10. HP: 48/92 MP: 15/15
 12180 | D:9      | Found a staircase to the Orcish Mines.
 12248 | D:9      | Found a staircase to the Lair.
 12721 | D:10     | Entered Level 10 of the Dungeon
 12849 | D:10     | Reached skill level 10 in Fighting
 12928 | D:10     | Noticed Maggie
 12943 | D:10     | Killed Maggie
 13151 | D:10     | Noticed Nergalle
 13158 | D:10     | Killed Nergalle
 13159 | D:10     | Reached skill level 5 in Evocations
 13487 | D:10     | Found a sparkling altar of Nemelex Xobeh.
 13487 | D:10     | Found an iron altar of Okawaru.
 13950 | D:10     | Noticed a two-headed ogre
 13978 | D:10     | Killed a two-headed ogre
 13979 | D:10     | Reached skill level 10 in Axes
 13979 | D:10     | Reached skill level 1 in Dodging
 14128 | D:10     | Noticed Grum
 14138 | D:10     | Killed Grum
 14724 | D:10     | Found a glowing golden altar of the Shining One.
 14870 | Lair:1   | Entered Level 1 of the Lair of Beasts
 14899 | Lair:1   | Identified the +1 robe "Duaresk" {Str+4 SInv Stlth-}
 15128 | Lair:1   | Noticed a cane toad
 15133 | Lair:1   | Killed a cane toad
 15134 | Lair:1   | Reached XP level 11. HP: 85/101 MP: 17/17
 16169 | Lair:2   | Noticed Sonja
 16176 | Lair:2   | Killed Sonja
 16187 | Lair:2   | Reached **** piety under Beogh
 16497 | Lair:2   | Noticed Urug
 16508 | Lair:2   | Killed Urug
 16666 | Lair:2   | Noticed a six-headed hydra
 16679 | Lair:2   | Killed a six-headed hydra
 16728 | Lair:2   | Noticed a six-headed hydra
 17002 | Lair:2   | Killed an eight-headed hydra
 17358 | Lair:3   | Found a staircase to the Shoals.
 17780 | Lair:3   | Found an ornate altar of the Wu Jian Council.
 17970 | Lair:3   | Reached skill level 10 in Invocations
 17978 | Lair:2   | Reached XP level 12. HP: 40/114 MP: 19/19
 20492 | Lair:4   | Found a staircase to the Snake Pit.
 21095 | Lair:4   | Reached skill level 15 in Fighting
 22960 | Lair:4   | Reached XP level 13. HP: 44/129 MP: 21/21
 23784 | Lair:5   | Found a staircase to the Slime Pits.
 23832 | Lair:5   | Reached ***** piety under Beogh
 24335 | Lair:6   | Entered Level 6 of the Lair of Beasts
 24335 | Lair:6   | Noticed Snorg
 24403 | Lair:6   | Noticed Ikheod's ghost (journeyman MfGl)
 24403 | Lair:6   | Found a transporter.
 24676 | Lair:6   | Gained Zorug as an ally
 24896 | Lair:6   | Noticed a quicksilver ooze
 25317 | Lair:6   | Gained Arkwar as an ally
 25473 | Lair:6   | Identified the ring "Xicwoik" {rC+ Dex+6}
 25687 | Lair:5   | Reached skill level 15 in Axes
 25897 | Lair:6   | Noticed an ice dragon
 26190 | Lair:6   | Killed Snorg
 26191 | Lair:6   | Found a transporter.
 26388 | Lair:6   | Reached XP level 14. HP: 129/143 MP: 23/23
 26557 | Lair:6   | Identified the +3 hunting sling "Hahae" {venom, Will+
                  | Int+4}
 27777 | Lair:6   | Found a corrupted altar of Lugonu.
 27777 | Lair:6   | Found a one-way gate to the infinite horrors of the Abyss.
 28869 | D:11     | Identified the +0 hat "Gyhiystu" {rN+ rCorr Str-3}
 29369 | D:11     | Reached ****** piety under Beogh
 29704 | Orc:1    | Entered Level 1 of the Orcish Mines
 29721 | Orc:1    | Reached skill level 10 in Armour
 29846 | Orc:1    | Found Ciduroeq's Antique Armour Shoppe.
 30267 | Orc:2    | Entered Level 2 of the Orcish Mines
 30267 | Orc:2    | Noticed Nessos
 30271 | Orc:2    | Killed Nessos
 30343 | Orc:2    | Found a gate leading to a gauntlet.
 30358 | Gauntlet | Entered a Gauntlet
 30358 | Gauntlet | Found a transporter.
 30358 | Gauntlet | Found a transporter.
 30428 | Gauntlet | Found a transporter.
 30430 | Gauntlet | Found a transporter.
 30438 | Gauntlet | Found a transporter.
 30443 | Gauntlet | Found a transporter.
 30449 | Gauntlet | Found a runed translucent gate.
 30449 | Gauntlet | Found a runed translucent gate.
 30449 | Gauntlet | Found a runed translucent gate.
 30451 | Gauntlet | Found a transporter.
 30471 | Gauntlet | Found a transporter.
 30488 | Gauntlet | Found a transporter.
 30492 | Gauntlet | Found a transporter.
 30504 | Gauntlet | Found a transporter.
 30505 | Gauntlet | Found a transporter.
 30868 | Gauntlet | Identified the +3 pair of boots of the Vacuum {+Blink rC-
                  | Str+2}
 32073 | Orc:2    | Gained Hilgar as an ally
 32483 | Orc:2    | Cast into level 1 of the Abyss (chaos spawn)
 32492 | Orc:2    | Escaped the Abyss
 33068 | Orc:2    | Found a staircase to the Elven Halls.
 33254 | Orc:2    | Found Terr's Distillery.
 33254 | Orc:2    | Found Wolaytin's Book Boutique.
 33255 | Orc:2    | Found Ner Dum's Assorted Antiques.
 33259 | Orc:2    | Found Ceumoss's Jewellery Shop.
 33262 | Orc:2    | Bought a potion of heal wounds for 65 gold pieces
 33262 | Orc:2    | Bought a potion of heal wounds for 65 gold pieces
 33354 | Orc:2    | Bought 2 potions of heal wounds for 130 gold pieces
 33952 | D:12     | Identified the +2 scale mail of Sullat {Regen+}
 34328 | D:12     | Noticed Maurice
 34355 | D:12     | Killed Maurice
 34433 | D:12     | Gained Marbork as an ally
 35259 | D:12     | Reached XP level 15. HP: 154/154 MP: 24/26
 35270 | D:12     | Identified the +2 cloak of Stoicism {Stlth+}
 35987 | D:14     | Reached skill level 15 in Invocations
 36618 | D:14     | Found a gate to the Vaults.
 36883 | D:15     | Entered Level 15 of the Dungeon
 36943 | D:15     | Your ally Marbork died
 37367 | D:15     | Found a staircase to the Depths.
 38020 | D:15     | Gained Bogric as an ally
 39370 | Snake:1  | Entered Level 1 of the Snake Pit
 39613 | Snake:1  | Found Fadem's Magic Scroll Emporium.
 39618 | Snake:1  | Found Hasedait's Distillery.
 39893 | Snake:1  | Noticed Agnes
 39900 | Snake:1  | Killed Agnes
 40071 | Snake:1  | Noticed a nagaraja
 40080 | Snake:1  | Killed a nagaraja
 40509 | Snake:1  | Noticed Rupert
 40518 | Snake:1  | Killed Rupert
 40843 | Snake:1  | Found a radiant altar of Vehumet.
 41426 | Snake:2  | Your ally Hilgar died
 41441 | Snake:2  | Reached XP level 16. HP: 41/165 MP: 25/28
 42767 | Snake:2  | Noticed kalagan's ghost (adept DECj)
 43502 | Snake:2  | Noticed a nagaraja
 43508 | Snake:2  | Killed a nagaraja
 44005 | Snake:2  | Found a runed translucent gate.
 44005 | Snake:2  | Found a runed translucent gate.
 44005 | Snake:2  | Found a runed translucent gate.
 44679 | Snake:3  | Your ally Zorug died
 45050 | Snake:2  | Gained Bladwarg as an ally
 45444 | Snake:3  | Identified the +5 chain mail of Tihumm {Rampage rC- rN+++
                  | Regen+}
 45493 | Snake:3  | Reached skill level 10 in Shields
 45493 | Snake:3  | Gained Ugrim as an ally
 46396 | Snake:4  | Entered Level 4 of the Snake Pit
 47042 | Snake:4  | Noticed Mlioglotl
 47052 | Snake:4  | Killed Mlioglotl
 47181 | Snake:4  | Noticed a nagaraja
 47190 | Snake:4  | Noticed a nagaraja
 47190 | Snake:4  | Killed a nagaraja
 47198 | Snake:4  | Found an iron altar of Okawaru.
 47453 | Snake:4  | Noticed a nagaraja
 47467 | Snake:4  | Killed a nagaraja
 47987 | Snake:4  | Noticed a nagaraja
 47992 | Snake:4  | Killed a nagaraja
 48010 | Snake:4  | Killed a nagaraja
 48216 | Snake:4  | Reached XP level 17. HP: 161/173 MP: 30/30
 48297 | Snake:4  | Gained Bogmar as an ally
 49087 | Snake:4  | Got a serpentine rune of Zot
 49302 | Snake:4  | Found Ebaubu's Jewellery Emporium.
 49302 | Snake:4  | Found Cot Nuyg's Book Shop.
 49303 | Snake:4  | Found Wetuyluw's Book Shop.
 50063 | Shoals:1 | Entered Level 1 of the Shoals
 50063 | Shoals:1 | Found Melouck's General Store.
 50119 | Shoals:1 | Identified the +2 leather armour of the Old and Reckless
                  | {Int+2 Slay+3}
 50439 | Shoals:1 | Noticed Aizul
 50448 | Shoals:1 | Killed Aizul
 50454 | Shoals:1 | Gained Hilgar as an ally
 52870 | Shoals:2 | Found a blossoming altar of Fedhas.
 53013 | Shoals:2 | Found a hazy altar of Hepliaklqana.
 53188 | Shoals:2 | Reached skill level 10 in Evocations
 53346 | Shoals:2 | Identified the +5 war axe of a sewer {venom, rC++ Str-2
                  | Dex+5}
 54356 | Shoals:1 | Found Melouck's General Store.
 55326 | Shoals:4 | Entered Level 4 of the Shoals
 55672 | Shoals:4 | Identified the +1 leather armour of Sosoycih {Int+9 Slay-4}
 55773 | Shoals:4 | Reached XP level 18. HP: 132/184 MP: 31/31
 55773 | Shoals:4 | Noticed Ilsuiw
 55781 | Shoals:4 | Killed Ilsuiw
 55782 | Shoals:4 | Noticed Donald
 55789 | Shoals:4 | Killed Donald
 56120 | Shoals:4 | Reached skill level 5 in Dodging
 56840 | Shoals:4 | Found a runed translucent door.
 56843 | Shoals:4 | Noticed Krehm's ghost (adept MfAK)
 58263 | Shoals:4 | Got a barnacled rune of Zot
 59499 | Lair:6   | Killed Ikheod's ghost
 59503 | Lair:6   | Identified the +2 pair of gloves of Poor Excuses {rElec rF+
                  | Will+ Regen+}
 59504 | Lair:6   | Identified the +0 cloak "Livua" {Str+2}
 59508 | Lair:6   | Identified the +3 dagger of Safesan {vorpal, rC++ Int-3
                  | Dex+2}
 59923 | Vaults:1 | Entered Level 1 of the Vaults
 59932 | Vaults:1 | Gained Grimold as an ally
 60274 | Vaults:1 | Found a large runed translucent door.
 60274 | Vaults:1 | Found a large runed translucent door.
 60274 | Vaults:1 | Noticed Synox's ghost (legendary FoFi)
 61184 | Vaults:1 | Found Redamefy's Antique Armour Shoppe.
 61372 | Vaults:1 | Your ally Hilgar died
 62227 | Vaults:1 | Reached XP level 19. HP: 133/195 MP: 33/33
 63015 | Vaults:2 | Gained Ugbert as an ally
 63054 | Vaults:2 | Found Guybawn's Magic Scroll Boutique.
 63169 | Vaults:2 | Found a staircase to the Crypt.
 63184 | Vaults:2 | Your ally Ugbert died
 63357 | Vaults:2 | Found a portal to a secret trove of treasure.
 63415 | Vaults:2 | Found Ynaextoi's Weapon Emporium.
 63788 | Vaults:2 | Noticed Mennas
 63805 | Vaults:2 | Killed Mennas
 64237 | Vaults:2 | Identified the +2 long sword of Ycsufaob {holy, Dex+6}
 64321 | Vaults:2 | Gained Orkwin as an ally
 64669 | Vaults:2 | Got the Handbook of the Quantum Volcanoes
 65214 | Vaults:2 | Found Zamafin's Assorted Antiques.
 65221 | Vaults:2 | Bought a scroll labelled YPPAUGOETI for 44 gold pieces
 65297 | Vaults:2 | Acquired 796 gold pieces
 67373 | Vaults:3 | Reached XP level 20. HP: 205/205 MP: 34/34
 67993 | Vaults:4 | Found Vuthor's Antique Armour Shoppe.
 68018 | Vaults:4 | Bought a buzzing crystal plate armour for 3655 gold pieces
 68018 | Vaults:4 | Identified the +0 crystal plate armour "Ishokh" {Regen+
                  | Int+2 Dex-4} (You bought it in a shop on level 4 of the
                  | Vaults)
 68314 | Vaults:4 | Found Natsenn's Armour Boutique.
 68499 | Vaults:4 | Reached skill level 15 in Armour
 68592 | Vaults:4 | Gained Margrim as an ally
 69039 | Vaults:4 | Found Exkysokeule's Book Boutique.
 70166 | D:9      | Found a staircase to the Lair.
 71029 | Elf:1    | Entered Level 1 of the Elven Halls
 71070 | Elf:1    | Found a radiant altar of Vehumet.
 71093 | Elf:1    | Gained Ognian as an ally
 71119 | Elf:1    | Found a crumbling gateway.
 71129 | Desolati | Entered the Desolation of Salt
 71280 | Desolati | Gained Olfik as an ally
 71664 | Desolati | Identified the +4 chain mail "Foixt" {rCorr Str-4 Dex+7}
 71683 | Desolati | Gained Berold as an ally
 71832 | Desolati | Identified the ring "Nekkivo" {Fly MP+9 Int+7 Dex-3 Stlth+}
 72021 | Desolati | Identified the ring "Deggur" {rCorr Str+5 Int+6}
 72036 | Desolati | Identified the +6 whip of the Distant Future {protect, rC-
                  | rN+ Dex+7}
 72039 | Desolati | Identified the ring of the Republic {rF+ rN+ Dex-4 SInv}
 72437 | Desolati | Got the Volume of Confrontation
 72476 | Desolati | Identified the +1 chain mail of Evolution {Drain Will++
                  | SInv}
 73512 | Elf:1    | Noticed Roxanne
 73524 | Elf:1    | Killed Roxanne
 73675 | Elf:1    | Noticed Kirke
 73685 | Elf:1    | Killed Kirke
 73955 | Elf:1    | Paralysed by an air elemental for 1 turns
 73988 | Elf:1    | Noticed Asterion
 74001 | Elf:1    | Killed Asterion
 74415 | Elf:1    | Identified the ring of Possosh {+Blink rC+ rCorr}
 74524 | Elf:1    | Got the Handbook of Arcane Weapons
 74525 | Elf:1    | Identified the +7 quarterstaff of Infinite Pain {protect,
                  | Int+5}
 74575 | Elf:1    | Found Secuh's Jewellery Boutique.
 74759 | Elf:2    | Reached XP level 21. HP: 215/215 MP: 36/36
 74769 | Elf:2    | Identified the +2 chain mail of Evolution {rF++ rC+ Will-}
 75162 | Elf:2    | Paralysed by an air elemental for 1 turns
 75430 | Elf:2    | Found a huge runed translucent gate.
 75432 | Elf:2    | Found a huge runed translucent gate.
 75436 | Elf:2    | Found a huge runed translucent gate.
 75437 | Elf:2    | Found a huge runed translucent gate.
 75437 | Elf:2    | Found a huge runed translucent gate.
 76787 | Elf:3    | Entered Level 3 of the Elven Halls
 77375 | Elf:3    | Reached skill level 1 in Slings
 77434 | Elf:3    | Your ally Orkwin died
 77439 | Elf:3    | Identified the ring "Nosib" {EV+4 Str-2 Dex+9 Slay+4}
 77444 | Elf:3    | Identified the +3 leather armour "Ogamuk" {rElec}
 77549 | Elf:3    | Found the +8 autumn katana {vorpal, manifold assault}
 77550 | Elf:3    | Found the brooch of Shielding {Spirit SH+8}
 77804 | Elf:3    | Identified the +1 cloak "Earthly Heaven" {+Blink +Inv Dex+6
                  | Stlth-}
 78523 | Depths:1 | Entered Level 1 of the Depths
 78562 | Depths:1 | Found Tuucs's Firing Range.
 78605 | Depths:1 | Gained Syrus as an ally
 78612 | Depths:1 | Your ally Syrus died
 78613 | Depths:1 | Gained Alork as an ally
 79353 | Depths:1 | Identified the +2 helmet of the Hot Ocelot {Will- rCorr
                  | MP+9 Int+6}
 79415 | Depths:1 | Found a sparkling altar of Nemelex Xobeh.
 79677 | Depths:1 | Noticed Louise
 79686 | Depths:1 | Killed Louise
 79901 | Depths:1 | Found a gateway to Hell.
 80041 | Depths:1 | Reached skill level 15 in Shields
 80063 | Depths:1 | Found a runed door.
 80113 | Depths:1 | Noticed an ancient lich
 80128 | Depths:1 | Killed an ancient lich
 80282 | Depths:1 | Identified the +8 short sword of Destruction {flame, Fly
                  | Str+2}
 80388 | Depths:1 | Identified the ring "Ceehoy" {Fly Str+4 Int+4}
 80400 | Depths:1 | Acquired 763 gold pieces
 80492 | Depths:1 | Acquired 555 gold pieces
 80750 | Shoals:1 | Bought a scroll of brand weapon for 300 gold pieces
 81168 | Vaults:2 | Bought a scroll of brand weapon for 420 gold pieces
 81245 | Vaults:4 | Bought a faintly glowing plate armour for 1204 gold pieces
 81245 | Vaults:4 | Identified the +0 plate armour of Servitude {rF+ Regen+
                  | Str+4} (You bought it in a shop on level 4 of the Vaults)
 81817 | Depths:2 | Reached XP level 22. HP: 134/226 MP: 37/37
 81968 | Depths:2 | Noticed a caustic shrike
 81970 | Depths:2 | Killed a caustic shrike
 82148 | Depths:2 | Found a one-way gate leading to the halls of Pandemonium.
 82750 | Depths:2 | Found a one-way gateway to a ziggurat.
 84372 | Depths:3 | Noticed a juggernaut
 84403 | Depths:3 | Your ally Alork died
 84976 | Depths:3 | Noticed a golden dragon
 85038 | Depths:3 | Found Dajoagey's Book Emporium.
 85059 | Depths:3 | Noticed a golden dragon
 85066 | Depths:3 | Killed a golden dragon
 85068 | Depths:3 | Your ally Alork died
 85134 | Depths:3 | Found a broken altar of Ashenzari.
 85599 | Depths:4 | Entered Level 4 of the Depths
 85660 | Depths:4 | Your ally Margrim died
 85930 | Depths:4 | Noticed a golden dragon
 85967 | Depths:3 | Killed a golden dragon
 86755 | Depths:4 | Found a gate to the Realm of Zot.
 86833 | Depths:4 | Found an ancient bone altar of Kikubaaqudgha.
 86956 | Depths:4 | Reached skill level 27 in Fighting
 87061 | Depths:4 | Reached XP level 23. HP: 224/240 MP: 39/39
 87520 | Vaults:5 | Entered Level 5 of the Vaults
 87643 | Vaults:5 | Gained Bogdan as an ally
 87979 | Vaults:5 | Identified the +0 hat of Conscience {*Slow +Inv rPois
                  | Stlth+}
 88657 | Vaults:5 | Found Biafoogi's Distillery.
 88789 | Vaults:5 | Found Gumo's Magic Scroll Shop.
 88956 | Vaults:5 | Got a silver rune of Zot
 88980 | Vaults:5 | Found Deatyuka's Distillery.
 88991 | Vaults:5 | Found Tatsal's Magic Scroll Emporium.
 89009 | Vaults:5 | Found Poblots's Magic Scroll Boutique.
 89045 | Vaults:5 | Bought a potion of heal wounds for 65 gold pieces
 89089 | Vaults:5 | Bought a scroll of brand weapon for 280 gold pieces
 90419 | Vaults:5 | Identified the +1 war axe of the Sugar Beet {vorpal, rElec
                  | Dex+3}
 90746 | Vaults:5 | Found the ring of the Mage {Wiz Archmagi}
 90969 | Vaults:5 | Identified the ring "Passeleu" {Str+2 Int+6 Stlth+}
 90975 | Vaults:5 | Got Ososiah's Volume of Dusty Flames
 91003 | Vaults:5 | Identified the -1 pair of gloves of Day {Regen+ Int+3}
 91066 | Vaults:5 | Bought a potion of curing for 39 gold pieces
 91072 | Vaults:5 | Gained Bogdan as an ally
 91087 | Vaults:5 | Bought a potion of curing for 69 gold pieces
 91087 | Vaults:5 | Bought a potion of curing for 69 gold pieces
 91087 | Vaults:5 | Bought a potion of curing for 69 gold pieces
 91412 | Orc:2    | Bought a potion of curing for 39 gold pieces
 91412 | Orc:2    | Bought a potion of curing for 39 gold pieces
 91414 | Orc:2    | Bought a potion of curing for 75 gold pieces
 91658 | Snake:1  | Bought a potion of curing for 42 gold pieces
 92062 | Vaults:2 | You paid a toll of 17 potions of curing to enter a treasure
                  | trove
 92063 | Trove    | Entered a treasure trove
 92083 | Trove    | Identified the amulet "Apuisoba" {+Inv rPois Regen+ MP+9
                  | Str+3}
 92085 | Trove    | Identified the ring of Jifathry {rElec Str-4 Int+6 Stlth+}
 92110 | Trove    | Identified the +7 hand axe of the Big Fish {protect, Drain
                  | rN+ Dex+2}
 92181 | Vaults:2 | Reached XP level 24. HP: 249/249 MP: 39/40
 92221 | Vaults:2 | Bought a scroll of enchant weapon for 157 gold pieces
 92561 | D:1      | Bought a scroll of enchant weapon for 75 gold pieces
 93286 | Zot:1    | Entered Level 1 of the Realm of Zot
 93421 | Zot:1    | Identified the +1 chain mail of Wariness {rElec}
 93438 | Zot:1    | Noticed an orb of fire
 93442 | Zot:1    | Gained mutation: You are weak. (Str -2) [an orb of fire]
 93442 | Zot:1    | Killed an orb of fire
 93446 | Zot:1    | Noticed an orb of fire
 93448 | Zot:1    | Noticed a Killer Klown
 93459 | Zot:1    | Gained mutation: You tend to lose your temper in combat.
                  | [an orb of fire]
 93463 | Zot:1    | Your ally Ognian died
 93491 | Zot:1    | Lost mutation: You tend to lose your temper in combat.
                  | [potion of mutation]
 93491 | Zot:1    | Lost mutation: You are weak. (Str -2) [potion of mutation]
 93491 | Zot:1    | Gained mutation: Your magical capacity is low. (-10% MP)
                  | [potion of mutation]
 93491 | Zot:1    | Gained mutation: Your spells are a little harder to cast,
                  | but a little more powerful. [potion of mutation]
 93493 | Zot:1    | Noticed a curse toe
 94003 | Zot:1    | Your ally Olfik died
 94020 | Zot:1    | Killed a curse toe
 94021 | Zot:1    | Reached skill level 10 in Dodging
 94320 | Zot:1    | Your ally Bladwarg died
 94321 | Zot:1    | Killed an orb of fire
 94446 | Zot:1    | Noticed an orb of fire
 94509 | Depths:4 | Killed an orb of fire
 94666 | Zot:1    | Reached XP level 25. HP: 254/257 MP: 36/36
 95390 | Zot:1    | Reached skill level 27 in Invocations
 95777 | Zot:1    | Killed a Killer Klown
 97728 | Zot:2    | Noticed an orb of fire
 97731 | Zot:2    | Killed an orb of fire
 97988 | Zot:3    | You are sucked into a shaft and drop 1 floor!
 98357 | Zot:3    | Your ally Arkwar died
 99995 | Zot:4    | Noticed an orb of fire
100026 | Zot:4    | Your ally Ugrim died
100204 | Zot:5    | Entered Level 5 of the Realm of Zot
101149 | Zot:5    | Your ally Olfik died
101374 | Zot:5    | Reached XP level 26. HP: 215/266 MP: 36/36
102066 | Zot:5    | Noticed an ancient lich
102071 | Zot:5    | Noticed an orb of fire
102199 | Zot:5    | Noticed an orb of fire
102232 | Zot:4    | Your ally Bogdan died
102232 | Zot:4    | Killed an orb of fire
102300 | Zot:5    | Noticed an orb of fire
102315 | Zot:4    | Your ally Berold died
102320 | Zot:4    | Killed an orb of fire
102370 | Zot:5    | Gained mutation: Your body sometimes deteriorates upon
                  | taking damage. [an orb of fire]
102379 | Zot:4    | Killed an orb of fire
102397 | Zot:5    | Noticed an orb of fire
102412 | Zot:4    | Killed an orb of fire
102429 | Zot:5    | Killed an ancient lich
102552 | Zot:5    | Noticed a dread lich
102563 | Zot:5    | Killed a dread lich
102704 | Zot:5    | Noticed a Killer Klown
102715 | Zot:5    | Killed a Killer Klown
102742 | Zot:5    | Noticed a Killer Klown
102744 | Zot:5    | Killed a Killer Klown
102785 | Zot:5    | Noticed an orb of fire
102788 | Zot:5    | Gained mutation: Armour fits poorly on your strangely
                  | shaped body. [an orb of fire]
102792 | Zot:5    | Gained mutation: You are occasionally teleported next to
                  | monsters. [an orb of fire]
102793 | Zot:5    | Gained mutation: You are dopey. (Int -2) [an orb of fire]
102794 | Zot:5    | Killed an orb of fire
102949 | Zot:5    | Noticed a dread lich
103008 | Zot:5    | Noticed an orb of fire
103015 | Zot:5    | Gained mutation: You do not regenerate when monsters are
                  | visible. [an orb of fire]
103018 | Zot:5    | Killed an orb of fire
103026 | Zot:5    | Lost mutation: You are occasionally teleported next to
                  | monsters. [potion of mutation]
103026 | Zot:5    | Lost mutation: Armour fits poorly on your strangely shaped
                  | body. [potion of mutation]
103026 | Zot:5    | Gained mutation: Your body often deteriorates upon taking
                  | damage. [potion of mutation]
103026 | Zot:5    | Gained mutation: You have very sharp teeth. [potion of
                  | mutation]
103026 | Zot:5    | Lost mutation: You do not regenerate when monsters are
                  | visible. [potion of mutation]
103050 | Zot:5    | Noticed an orb of fire
103053 | Zot:5    | Your ally Bogmar died
103056 | Zot:5    | Gained Wargath as an ally
103059 | Zot:5    | Killed an orb of fire
103061 | Zot:5    | Noticed an orb of fire
103062 | Zot:5    | Gained mutation: You are frail. (-10% HP) [an orb of fire]
103066 | Zot:5    | Killed a dread lich
103066 | Zot:5    | Your ally Wargath died
103068 | Zot:5    | Killed an orb of fire
104640 | Orc:2    | Bought a potion of might for 52 gold pieces
104908 | Vaults:2 | Bought a potion of haste for 440 gold pieces
105249 | Zot:5    | Got the Orb of Zot
105287 | Zot:5    | Noticed Rysiaciw the pandemonium lord
105757 | D:$      | Escaped with the Orb!

Illustrated notes

Levels and vault maps discovered:
D:1:      minmay_arrival_four_circles, layout_loops_ring,
          dilly_ecumenical_altar_fadedgnrine, serial_shops, shop,
          minmay_gold_behind_fungi
D:2:      cheibrodos_pilgrimage, layout_basic
D:3:      layout_rooms, portal_sewer_entry_a, minmay_statues_item,
          kennysheep_generic_room_15
D:4:      layout_basic, grunt_temple_overflow_open, gammafunk_ghost_split
D:5:      layout_gridville, tgw_xom, minmay_temple_entry_ruins, minmay_holes,
          st_stairs_10
D:6:      layout_loops_ring, gup_ossuary_entry_pyramid, palyth_stone_intersect,
          eino_curves_01, kennysheep_path_1, grunt_ministairs_8
D:7:      layout_basic
D:8:      layout_basic, slow_altar_1
D:9:      layout_cave_pools, dpeg_oklobed_lair, david_orc_4
D:10:     layout_irregular_city, tso_altar, jmf_multi_god_temple, uniq_nergalle,
          uniq_grum, uniq_maggie
D:11:     layout_layer_cave
D:12:     layout_long_grid, kennysheep_island_fort, uniq_maurice
D:13:     layout_small_grid
D:14:     layout_basic, david_vaults_2
D:15:     gammafunk_depths_entry_grave, layout_loops_ring,
          chequers_serial_rivers_marsh, minmay_misc_feat_alley
Temple:   cyrus_circular_temple
Lair:1:   gammafunk_indiana_jones, layout_long_grid,
          nicolae_volcano_entry_batcave, chequers_serial_rivers_room_b
Lair:2:   layout_cave_pods, uniq_sonja, uniq_urug
Lair:3:   layout_big_grid, elwin_shoals_entry_rocks, basic_altar,
          nicolae_lair_lindhole
Lair:4:   layout_cellular_growth, minmay_snake_entry_six_corridors, st_stairs_4
Lair:5:   layout_hall_layers, dpeg_slime_entry_corner,
          grunt_forest_small_clearing_treed
Lair:6:   hellmonk_lair_end_abyssal_woods, layout_loops_ring,
          gammafunk_ghost_berserking_beasts, uniq_snorg
Shoals:1: layout_shoals, serial_shops, nicolae_shop_statue_plus, uniq_aizul
Shoals:2: layout_shoals, hangedman_feature_mirror
Shoals:3: layout_shoals, nicolae_shoals_this_corrosion
Shoals:4: shoals_end_grunt_ice, layout_shoals, shoals_ilsuiw_ice,
          ebering_ghost_inner_flame, uniq_donald
Snake:1:  layout_chambers, nicolae_snake_gridmaze_tees, lemuel_oklob_altar,
          minmay_shop_star, uniq_agnes, uniq_rupert
Snake:2:  layout_chambers, gammafunk_ghost_split, serial_bayou_crossing
Snake:3:  layout_onion, serial_bayou_shore_b
Snake:4:  grunt_snake_rune_pools, layout_gridlike, basic_altar,
          grunt_megastairs_1, minmay_shop_grove, uniq_mlioglotl
Orc:1:    layout_caves, serial_shops,
          nicolae_shop_temple_entry_statues_fountains
Orc:2:    st_orc_mages, layout_diamond_mine, gauntlet_entry_generic,
          nicolae_orc_bridge_out, abandoned_shop, uniq_nessos
Elf:1:    eino_elf_arrival_altar, layout_geoelf_diagonals, serial_shops, shop,
          portal_ice_cave_entry_pillars_1,
          portal_desolation_entry_nicolae_forbidding_blocks, serial_glass,
          glass_columns_c, glass_columns_a, minmay_elf_annihilation,
          nicolae_elf_shapeshifter_party, uniq_kirke, uniq_asterion,
          uniq_roxanne
Elf:2:    elven_hall_of_blades_hangedman_alternative
          [nicolae_vaults_blade_armed_guards], layout_geoelf_octagon,
          uniq_jorgrun
Elf:3:    minmay_elf_hall_golems, layout_gridlike
Vaults:1: advil_vaults_ghost_guards, nicolae_vaults_circle_grid_a,
          nicolae_vaults_windows_and_doors_thing, grunt_vaults_hallway_long,
          vaults_room_grunt_arrival_ludios, nicolae_vaults_theta, v_rooms_6,
          nicolae_vaults_big_angled_halls, v_misc_8,
          dpeg_vaults_pockets_of_resistance, v_misc_24, hangedman_vaults_maws,
          v_rooms_3, vaults_room_large_hall, v_misc_28,
          layout_vaults_maze_bifur, serial_shops, nicolae_shop_crystal
Vaults:2: hangedman_vaults_stretched_pinwheel, vaults_mumra_minichess_inversion,
          v_misc_25, vaults_room_semicircle, v_misc_33,
          nicolae_vaults_network_s, ontoclasm_vaults_chip,
          minmay_crypt_entry_simple_statues, nicolae_vaults_shelves_hall,
          ontoclasm_vaults_tryst, layout_vaults_quadrants,
          nicolae_trove_entry_columns, serial_shops,
          nicolae_shop_overgrown_old_shop, nicolae_shop_crystal, shop_fountains,
          uniq_mennas
Vaults:3: ontoclasm_vaults_bender, v_misc_17, dpeg_vaults_monster_box,
          ontoclasm_vaults_ring_square, v_misc_25, ontoclasm_vaults_twist,
          nicolae_vaults_network_quinsquares
          [nicolae_vaults_network_quincunx_subvault,
          nicolae_vaults_network_quincunx_subvault,
          nicolae_vaults_network_quincunx_subvault,
          nicolae_vaults_network_quincunx_subvault],
          nicolae_vaults_network_square, nicolae_vaults_little_squares_4,
          v_rooms_4, ontoclasm_vaults_ring_square, vaults_room_fours,
          vaults_dpeg_ring, hangedman_vaults_slice, nicolae_vaults_gold_heap,
          layout_vaults_omnicross
Vaults:4: nicolae_vaults_mini_display_case, v_misc_5, vaults_dpeg_encased_lava,
          grunt_vaults_twisty, v_rooms_1, vaults_room_door_hall,
          nicolae_vaults_rhombus_5, ontoclasm_vaults_loading_screen,
          layout_vaults_big_room, serial_shops, shop, shop_fountains, shop
Vaults:5: serial_shops
Depths:1: evilmike_wizard_prison, layout_gridlike,
          nicolae_abyss_entry_one_way_or_another, nemelex_diamond_rough_becter,
          hellmouth_1, nicolae_shop_firing_range
Depths:2: hangedman_arch_fort, layout_cave_shapes, enter_ziggurat_a, pan_entry,
          serial_sigils, serial_sigils_hangedman_scratch,
          serial_sigils_hangedman_etch, serial_sigils_hangedman_clutch,
          serial_sigils_hangedman_leer, serial_sigils_hangedman_quiver,
          pf_coc_iceberg, minmay_misc_feat_chi
Depths:3: evilmike_inaccessible_box, layout_cave_pools, abyss_entry,
          serial_shops, nicolae_stop_n_shop_2, pf_hell_entry_great_geh,
          serial_column_ruins, column_ruins_portal_island, column_ruins_grid_3,
          column_ruins_open_large, column_ruins_corridor_T,
          column_ruins_columns_straight, column_ruins_open_medium,
          column_ruins_open_small, nicolae_ashenzari_panopticon
Depths:4: grunt_zot_entry_pinwheel, layout_gridlike,
          nicolae_kikubaaqudgha_miasma_corner, pf_hell_entry_tar_spiral,
          minmay_misc_feat_columns, grunt_decor_fettered, skrybe_limestone_x
Zot:1:    grunt_deathspiral_small, layout_onion_interference
Zot:2:    kennysheep_oblong_rooms, layout_gridlike
Zot:3:    kennysheep_bubbly, layout_onion_interference, grunt_megastairs_5
Zot:4:    layout_misc_corridors, nrook_zot_tub
Zot:5:    layout_twisted_circle

Skill      XL: |  1  2  3  4  5  6  7  8  9 10 11 12 13 14 15 16 17 18 19 20 21 22 23 24 25 26 |
---------------+-------------------------------------------------------------------------------+-----
Axes           | 3 4 5 6 7 8 11 12 14 15 16 18 19 20 21 22 | 22.1
Fighting       | 4 5 6 7 8 9 10 13 16 18 19 20 21 22 23 24 25 27 | 27.0
Stealth        | 1 |  1.0
Shields        | 4 5 6 7 8 11 13 14 15 16 17 18 19 | 19.1
Armour         | 4 5 6 7 8 9 11 12 13 14 16 17 18 20 | 20.1
Invocations    | 3 5 7 8 10 11 13 14 16 18 19 21 22 23 25 26 27 | 27.0
Evocations     | 1 4 6 7 8 9 10 11 | 11.0
Dodging        | 1 3 4 5 7 8 9 10 11 12 | 12.1
Slings         | 4 |  4.0

Action                   |  1- 3 |  4- 6 |  7- 9 | 10-12 | 13-15 | 16-18 | 19-21 | 22-24 | 25-27 || total
-------------------------+-------+-------+-------+-------+-------+-------+-------+-------+-------++-------
Melee: War axe           |    63 |    96 |    51 |   295 |       |       |       |       |       ||   505
       Dagger            |       |    16 |       |       |       |       |       |       |       ||    16
       Short sword       |       |    44 |   504 |    48 |       |       |       |       |       ||   596
       Broad axe         |       |       |       |    80 |   728 |   766 |   875 |   648 |   619 ||  3716
       Bite              |       |       |       |       |       |       |       |       |     5 ||     5
 Fire: Hunting sling     |       |       |    10 |       |   110 |    55 |    25 |    24 |     2 ||   226
Throw: Stone             |       |     6 |     7 |       |       |       |       |       |       ||    13
       Boomerang         |       |       |    10 |     1 |       |       |       |       |       ||    11
       Dart              |       |       |    13 |     8 |     6 |       |     1 |       |       ||    28
       Javelin           |       |       |       |     1 |       |       |       |       |       ||     1
Invok: Convert to Beogh  |     1 |       |       |       |       |       |       |       |       ||     1
       Smiting           |       |       |       |     3 |     2 |     3 |     4 |     8 |    22 ||    42
       Recall Orcish Fol |       |       |       |     2 |    21 |    15 |    20 |     7 |    17 ||    82
       Stop Recall       |       |       |       |       |     7 |    11 |    10 |     1 |     6 ||    35
       Give Item to Name |       |       |       |       |     1 |     6 |     5 |       |       ||    12
       Resurrection      |       |       |       |       |       |     1 |     2 |     2 |       ||     5
 Abil: Evoke Blink       |       |       |       |       |     2 |       |       |       |     7 ||     9
Evoke: Wand              |       |       |     3 |    25 |     5 |     1 |    10 |     3 |     3 ||    50
       Lightning rod     |       |       |       |       |       |     1 |     3 |       |       ||     4
       Phantom mirror    |       |       |       |       |       |       |     1 |       |       ||     1
  Use: Scroll            |       |     5 |     6 |    12 |    10 |     9 |    14 |    11 |    14 ||    81
       Potion            |       |       |     1 |     4 |       |     2 |     2 |     2 |     3 ||    14
 Stab: Distracted        |       |     1 |       |     3 |     3 |    11 |    13 |    14 |    15 ||    60
       Paralysed         |       |       |       |     7 |     1 |       |       |       |       ||     8
       Confused          |       |       |       |       |       |       |       |       |     2 ||     2
Armor: Scale mail        |    17 |    34 |       |       |       |       |       |       |       ||    51
       Chain mail        |       |    23 |   158 |       |       |       |       |       |       ||   181
       Plate armour      |       |       |       |   228 |   344 |   378 |   336 |   210 |    34 ||  1530
       Gold dragon scale |       |       |       |       |       |       |       |       |   239 ||   239
Dodge: Dodged            |    31 |    57 |   116 |   142 |   174 |   127 |   146 |   197 |   108 ||  1098
Block: Buckler           |    13 |    35 |   184 |   283 |   368 |     6 |       |       |       ||   889
       Reflection        |       |       |     7 |       |    14 |    88 |    82 |    41 |    15 ||   247
       Kite shield       |       |       |       |       |       |   294 |       |       |       ||   294
       Tower shield      |       |       |       |       |       |   578 |   952 |   790 |   745 ||  3065
